 Dungeon Crawl Stone Soup version 0.26.0-20-g3ca415f5b8 (webtiles) character file.

Game seed: 9597822044475281701

1543618 GordonOverkill the Slayer (level 25, 248/249 (253) HPs)
             Began as a Palentonga Earth Elementalist on Jan 24, 2021.
             Was an Elder of Trog.
             Escaped with the Orb
             ... and 3 runes!
             The game lasted 02:16:27 (76904 turns).

GordonOverkill the Slayer (PaEE)                   Turns: 76904, Time: 02:16:27

HP:   248/249 (253) AC: 44    Str: 19      XL:     25   Next: 8%
MP:   28/28         EV:  8    Int: 21      God:    Trog [****..]
Gold: 751           SH: 15    Dex: 10 (12) Spells: 28/28 levels left

rFire    + + +     SeeInvis +   a - +9 broad axe (freeze)
rCold    + . .     Faith    .   L - +2 kite shield {rPois}
rNeg     + . .     Spirit   .   J - +6 gold dragon scales
rPois    +         Reflect  .   U - +2 hat {Will+}
rElec    +         Harm     .   h - +2 cloak
rCorr    .         Rampage  .   w - +2 pair of gloves
Will     ++++.     Clarity  +   B - +4 barding {Fly}
Stlth    ..........             S - amulet of the Four Winds {rN+ Will+++ Clar}
HPRegen  0.51/turn              u - ring "Xuig" {*Slow rF+++ Will- Int+2 Stlth+}
MPRegen  0.21/turn              p - ring "Xeuro" {rElec rPois EV+4}

@: mighty, flying, lightly drained
A: large, horns 1, stinger 1, rugged brown scales 3, see invisible, deformed
body, deterioration 1, high mp 1, roll 1, armoured tail, reflexive curl
0: Orb of Zot
}: 3/15 runes: decaying, serpentine, silver
a: Rolling Charge, Stop Flying, Renounce Religion, Berserk, Trog's Hand,
Brothers in Arms


You escaped.
You worshipped Trog.
Trog was greatly pleased with you.
You visited 8 branches of the dungeon, and saw 46 of its levels.
You visited the Abyss 1 time.
You also visited: Trove, Ossuary, Bailey and Ice Cave.

You collected 5483 gold pieces.
You spent 4732 gold pieces at shops.

Inventory:

Hand Weapons
 a - a +9 broad axe of freezing (weapon)
 b - a +9 antimagic broad axe
Missiles
 d - 24 stones (quivered)
 s - 26 boomerangs
Armour
 h - a +2 cloak (worn)
 w - a +2 pair of gloves (worn)
 B - a +4 barding of flying (worn)
 J - +6 gold dragon scales (worn)
 L - a +2 kite shield of poison resistance (worn)
 M - the +12 chain mail of the Doldrums {+Blink +Inv rF- rC+++}
   (You found it in an ice cave)

   It makes you vulnerable to fire.
   It renders you almost immune to cold.
   It lets you turn invisible.
   It lets you blink.
 U - a +2 hat of willpower (worn)
Jewellery
 e - a +4 ring of slaying
 p - the ring "Xeuro" (right hand) {rElec rPois EV+4}
   (You acquired it on level 8 of the Dungeon)

   [ring of evasion]

   It affects your evasion (+4).
   It insulates you from electricity.
   It protects you from poison.
 u - the ring "Xuig" (left hand) {*Slow rF+++ Will- Int+2 Stlth+}
   (You found it in a treasure trove)

   [ring of stealth]

   It affects your intelligence (+2).
   It renders you almost immune to fire.
   It affects your willpower, your defense against some magical effects.
   It may slow you when you take damage.
   It makes you more stealthy.
 x - an uncursed ring of poison resistance
 C - an uncursed ring of willpower
 H - an uncursed ring of fire
 S - the amulet of the Four Winds (around neck) {rN+ Will+++ Clar}
   (You bought it in a shop on level 2 of the Depths)

   [amulet of nothing]

   It protects you from negative energy.
   It affects your willpower, your defense against some magical effects.
   It protects you against confusion.
Wands
 o - a wand of acid (15)
 N - a wand of digging (12)
 R - a wand of iceblast (36)
 V - a wand of enslavement (47)
 W - a wand of paralysis (21)
Scrolls
 c - 9 scrolls of fear
 f - 3 scrolls of magic mapping
 g - 2 scrolls of blinking
 j - 27 scrolls of remove curse
 m - 6 scrolls of fog
 n - 8 scrolls of teleportation
 v - 2 scrolls of holy word
 F - a scroll of summoning
 G - 13 scrolls of identify
 I - 6 scrolls of immolation
Potions
 i - a potion of attraction
 k - 25 potions of curing
 l - 4 potions of ambrosia
 q - 11 potions of flight
 r - 5 potions of heal wounds
 t - a potion of cancellation
 D - 3 potions of resistance
 P - 5 potions of magic
 T - 2 potions of invisibility
 X - 8 potions of lignification
 Z - 6 potions of mutation
Miscellaneous
 z - a tin of tremorstones (2/2)
 A - a condenser vane
 O - a phial of floods


   Skills:
 + Level 21.8 Fighting
 - Level 19.9(20.0) Axes
 - Level 2.9(12.8) Polearms
 - Level 2.0 Throwing
 + Level 17.0 Armour
 - Level 13.0 Dodging
 - Level 1.2 Stealth
 - Level 15.0 Shields
 - Level 2.0 Spellcasting
 - Level 1.0 Transmutations
 - Level 2.6 Earth Magic
 + Level 13.7 Evocations


You had 28 spell levels left.
You didn't know any spells.
Your spell library contained the following spells:

 Spells                   Type           Power        Failure   Level
 Sandblast                Erth           26%          93%         1
 Passwall                 Tmut/Erth      7%           99%         2
 Magic Dart               Conj           8%           100%        1
 Blink                    Tloc           N/A          100%        2
 Call Imp                 Summ           2%           100%        2
 Slow                     Hex            2%           100%        2
 Conjure Flame            Conj/Fire      2%           100%        3
 Mephitic Cloud           Conj/Pois/Air  2%           100%        3
 Stone Arrow              Conj/Erth      14%          100%        3
 Petrify                  Tmut/Erth      9%           100%        4
 Lee's Rapid Deconstruct  Erth           6%           100%        5


Dungeon Overview and Level Annotations

Branches:
Dungeon (15/15)            Temple (0/1) D:6            Lair (6/6) D:10
  Swamp (4/4) Lair:3        Snake (4/4) Lair:2        Slime (0/5) Lair:6
    Orc (2/2) D:9             Elf (0/3) Orc:2        Vaults (5/5) D:14
  Crypt (0/3) Vaults:3     Depths (5/5) D:15            Zot (5/5) Depths:5
Ossuary (visited)          Bailey (visited)           IceCv (visited)

Altars:
Ashenzari
Fedhas
Gozag
Makhleb
Nemelex Xobeh
Ru
Trog
Vehumet
Wu Jian
Xom
Yredelemnul
The Shining One
Jiyva

Shops:
D:5 *   D:8 ?   D:10 *   D:12 }([*   D:15 }   Orc:1 [[:   Orc:2 (:!?*(?**
Snake:2 =   Snake:3 (:**   Vaults:1 !*(   Vaults:3 ?   Depths:2 =

Portals:
Abyss: Depths:2 Depths:4

Annotations:
D:4 3 runed translucent doors, dengdeng's ghost, amateur DrBe
D:7 3 runed translucent doors, Jerry's ghost, novice TrFi; Zaque's ghost, novice MiFi; raetorn's ghost, novice VSBe
Snake:3 Roxanne
Depths:2 exclusion: upstairs


Innate Abilities, Weirdness & Mutations

You are completely covered in rugged brown scales. (AC +3, +7% HP)
You have supernaturally acute eyesight. (SInv)
Armour fits poorly on your strangely shaped body.
You can roll at nearby foes to attack.
You have a long armoured tail.
You curl defensively after being hit.
You have a pair of small horns on your head.
Your tail ends in a poisonous barb.
Your body sometimes deteriorates upon taking damage.
You have an increased reservoir of magic. (+10% MP)


Message History

Blink to where?
Press: ? - help, Dir - move target
As you read the scroll of blinking, it crumbles to dust.
Evoke which item? (* to show all) (? for menu, Esc to quit)
Aiming: Dig
Press: ? - help, Shift-Dir - straight line A rock wall.
This square is covered in magical glow.
The rock shatters into small pieces.
Muosol hits the bush! x2; Muosol drains the bush's vigour!
Muosol gestures at you. The freezing blast engulfs you. You resist.
You are engulfed in freezing vapours.
You resist.
A green death comes into view.
Blink to where?
Press: ? - help, Dir - move target
As you read the scroll of blinking, it crumbles to dust.
Muosol is engulfed in freezing vapours.
Muosol is engulfed in freezing vapours. x2
You have escaped!

####.##########............†...#
.....# PPP♣.#...############.##
###### P.P..#...# ##...# ....>#
PP♣..#.#.# ##..... ######
♣♣.PP♣#.#.# #......
.....#P....P♣P#...# #......
######..PPP...#...# ######......
..P♣....#...# #...........
.XPP..P♣#.@.# #^######...# #
P.PPPP..#○○○# ##.# ##...
######..P..♣.2#°&.# #..# ####
...&.#P♣.P.P.♣#°☼.# #.##
#####.P&.PP.PP#○#○# #.# #
##X♣..♣PP♣#.#.# #.#


PP. ♣PP #...# #.# #### ....PP #...# #.# #... ###.### #..)# #.# #.## You could
see Muosol and a green death.

Vanquished Creatures
  Mara (Swamp:4)
  3 ancient liches (Zot:5)
  Mennas (Vaults:5)
  3 orbs of fire (Zot:5)
  9 Killer Klowns
  Margery (Vaults:4)
  2 caustic shrikes (Depths:5)
  Nikola (Snake:4)
  3 golden dragons
  A bone dragon (Abyss:2)
  2 electric golems (Zot:5)
  7 tentacled monstrosities
  A lich (Abyss:2)
  24 Orb Guardians (Zot:5)
  Asterion (Snake:1)
  3 titans (Vaults:5)
  4 quicksilver dragons
  2 death cobs (Zot:5)
  Gastronok (Lair:1)
  2 sphinxes
  2 tengu reavers (Vaults:5)
  2 thorn hunters
  A tentacled starspawn (Abyss:2)
  4 shadow dragons
  Kirke (Snake:1)
  9 storm dragons
  Donald (Snake:4)
  14 nagarajas
  A fenstrider witch (Swamp:1)
  6 fire giants
  3 draconian monks
  A deep elf sorcerer (Vaults:5)
  2 draconian scorchers
  A draconian knight (Depths:5)
  A ghost moth (shapeshifter) (Vaults:4)
  8 frost giants
  Aizul (Snake:4)
  15 vault wardens
  An orc warlord (Bailey)
  A reaper (D:4)
  13 ironheart preservers
  2 ghost moths
  A draconian stormcaller (Zot:4)
  2 draconian annihilators
  2 draconian shifters (Zot:5)
  22 very ugly things
  A deep elf elementalist (Vaults:5)
  3 war gargoyles
  3 deep elf demonologists
  2 black draconians
  The ghost of Amet the Severer, a journeyman MiBe of Trog (Swamp:2)
  A vampire knight (D:15)
  5 red draconians
  19 stone giants
  3 green draconians
  2 deep elf annihilators
  9 purple draconians
  5 white draconians
  4 bunyips
  An entropy weaver (Vaults:5)
  2 crystal guardians
  6 ettins
  5 fire dragons
  9 yaktaur captains
  3 yellow draconians (Zot:5)
  7 eleionomae
  2 deep elf high priests
  Josephine (D:11)
  2 deep elf death magi (Vaults:5)
  A shambling mangrove (Swamp:4)
  22 hydras
  2 great orbs of eyes
  6 ice dragons
  5 boulder beetles
  An ice dragon (shapeshifter) (Vaults:1)
  19 naga warriors
  21 ogre magi
  4 catoblepae
  28 vault guards
  12 anacondas
  6 centaur warriors
  3 ghost crabs
  4 rakshasas
  2 death knights
  A spriggan air mage (Depths:4)
  54 two-headed ogres
  A dancing weapon (Vaults:5)
  A vampire mage (Vaults:3)
  2 tengu warriors
  4 alligators
  The ghost of EnegeticOcto the Cleaver, a novice DDFi of Uskayaw (Orc:2)
  A thrashing horror (Abyss:2)
  2 deep troll shamans (Depths:3)
  3 deep troll earth magi (Depths:1)
  9 death yaks
  4 spriggan berserkers (Depths:5)
  27 naga sharpshooters
  7 shock serpents
  13 hell knights
  6 deep elf knights
  A soul eater (Vaults:3)
  8 goliath frogs
  3 bog bodies
  3 shadow wraiths
  2 unseen horrors
  2 spriggan druids
  2 flayed ghosts (Vaults:4)
  20 deep trolls
  A glowing orange brain (Vaults:4)
  A salamander mystic (Snake:2)
  A skeletal warrior (Vaults:2)
  An unseen horror (shapeshifter) (D:13)
  4 deep elf archers
  A wizard (D:15)
  13 swamp dragons
  15 ironbrand convokers
  6 naga ritualists
  12 orc knights
  Pikel (D:8)
  4 lindwurms
  5 necromancers
  A tengu skeleton (Vaults:3)
  3 phantasmal warriors
  An orc sorcerer (Vaults:3)
  12 deep elf magi
  A tengu zombie (Vaults:3)
  4 cyclopes
  2 wolf spiders (Vaults:1)
  48 ugly things
  10 mana vipers
  4 manticores
  9 salamanders
  A shining eye (shapeshifter) (D:15)
  3 will-o-the-wisps (Swamp:4)
  5 elephants
  7 moths of wrath
  6 guardian serpents
  A toenail golem (D:4)
  13 vault sentinels
  4 ice statues (IceCv)
  Psyche (D:11)
  16 naga magi
  23 black mambas
  A centaur skeleton (D:13)
  An eye of devastation (shapeshifter) (D:15)
  6 cane toads
  A gargoyle (D:14)
  An efreet (D:14)
  A rime drake (Lair:3)
  29 yaktaurs
  A yaktaur (shapeshifter) (Vaults:2)
  7 komodo dragons
  4 freezing wraiths
  An ancient zyme (Abyss:2)
  6 ice devils (IceCv)
  2 jumping spiders (shapeshifter)
  3 meliai (D:14)
  16 hornets
  A jumping spider (Vaults:5)
  3 trolls
  A hornet (shapeshifter) (Vaults:4)
  9 tyrant leeches
  A large abomination (Abyss:2)
  2 wind drakes (shapeshifter)
  2 polar bears
  A raiju (shapeshifter) (Depths:4)
  A slime creature (shapeshifter) (Vaults:4)
  23 blink frogs
  3 meliai zombies
  25 slime creatures
  A dream sheep (shapeshifter) (Vaults:5)
  Sigmund (D:5)
  A redback (Vaults:5)
  A spriggan (shapeshifter) (Vaults:2)
  7 wyverns
  13 spriggans
  3 shadows
  7 wraiths
  50 yaks
  4 basilisks
  7 hogs (Snake:1)
  A golden eye (shapeshifter) (Vaults:3)
  Grum (D:8)
  A chaos spawn (Abyss:2)
  A hog (shapeshifter) (Vaults:2)
  2 small abominations (Abyss:2)
  A steam dragon (Lair:3)
  4 wargs
  18 swamp worms
  84 nagas
  5 acid dragons
  12 water moccasins
  8 swamp drakes
  52 orc warriors
  A swamp drake (shapeshifter) (Vaults:4)
  2 eyes of draining
  3 ice beasts
  3 sky beasts
  4 black bears
  An ettin simulacrum (Vaults:4)
  2 black bears (shapeshifter)
  A necrophage (D:12)
  4 phantoms
  19 boggarts
  16 centaurs
  10 wolves
  66 ogres
  A centaur (shapeshifter) (Vaults:1)
  2 big kobolds
  25 bullfrogs
  A wyvern zombie (D:12)
  4 scorpions
  2 human simulacra
  2 troll zombies (D:9)
  5 killer bees
  2 electric eels (Lair:4)
  2 centaur zombies
  3 howler monkeys
  2 bullfrog zombies
  6 hounds
  4 bullfrog skeletons
  17 orc priests
  5 jellies
  28 orc wizards
  9 worker ants
  6 iguanas
  Natasha (D:1)
  3 troll simulacra (IceCv)
  5 centaur simulacra (IceCv)
  8 ogre zombies
  2 hound skeletons
  7 mummies (Ossuary)
  Robin (D:1)
  16 gnolls
  9 adders
  A naga simulacrum (IceCv)
  An ogre simulacrum (IceCv)
  A shadow imp (D:7)
  A white imp (D:7)
  4 ufetubi
  8 adder zombies
  An adder skeleton (D:7)
  2 worms
  2 dart slugs
  6 leopard geckos
  109 orcs
  4 bats
  5 giant cockroaches
  35 goblins
  27 hobgoblins
  9 jackals
  7 quokkas
  A ball python (D:2)
  6 frilled lizards
  A giant cockroach zombie (D:5)
  2 goblin skeletons (D:9)
  7 goblin zombies
  3 hobgoblin skeletons (D:9)
  5 hobgoblin zombies (Ossuary)
  A jackal skeleton (D:6)
  16 kobolds
  2 kobold zombies (Ossuary)
  11 orc zombies (D:9)
  A quokka skeleton (D:6)
  4 quokka zombies (Ossuary)
  A rat (D:3)
  4 rat zombies (Ossuary)
1873 creatures vanquished.

Vanquished Creatures (collateral kills)
  2 caustic shrikes (Depths:4)
  A draconian monk (Zot:4)
  A naga sharpshooter (Snake:4)
  A sun demon (Abyss:2)
  A shadow demon (D:13)
  A mana viper (Snake:1)
  A naga mage (Snake:4)
  A hellion (D:13)
  A large abomination (Abyss:2)
  A naga (Snake:4)
11 creatures vanquished.

Vanquished Creatures (others)
  A bone dragon (Depths:5)
  A spriggan druid (Swamp:1)
  3 bloated husks
  A slime creature (Vaults:3)
  A warg (Vaults:3)
  An orc warrior (Vaults:2)
  An ogre (Vaults:5)
  An orc (Vaults:3)
  14 foxfires (Swamp:4)
  22 fungi
  37 plants
  4 withered plants (D:7)
87 creatures vanquished.

Grand Total: 1971 creatures vanquished

Notes
Turn   | Place    | Note
-------+----------+-------------------------------------------
     0 | D:1      | GordonOverkill the Palentonga Earth Elementalist began the
                  | quest for the Orb.
     0 | D:1      | Reached XP level 1. HP: 14/14 MP: 3/3
   100 | D:1      | Reached skill level 1 in Fighting
   277 | D:1      | Reached XP level 2. HP: 25/25 MP: 3/5
   456 | D:1      | Reached skill level 2 in Fighting
  1054 | D:1      | Reached XP level 3. HP: 32/32 MP: 4/6
  1391 | D:2      | Noticed Robin
  1501 | D:2      | Reached skill level 3 in Fighting
  1703 | D:1      | Killed Robin
  1704 | D:1      | Reached XP level 4. HP: 34/42 MP: 1/7
  1857 | D:2      | Noticed Natasha
  2232 | D:1      | Killed Natasha
  2233 | D:1      | Reached skill level 4 in Fighting
  2824 | D:3      | Reached skill level 1 in Polearms
  3082 | D:3      | Reached skill level 1 in Armour
  3093 | D:3      | Reached XP level 5. HP: 46/49 MP: 8/8
  4226 | D:4      | Noticed an ogre
  4557 | D:4      | Noticed an ogre
  4582 | D:4      | Killed an ogre
  4583 | D:4      | Reached XP level 6. HP: 56/56 MP: 2/9
  4666 | D:4      | Found a shimmering altar of Xom.
  5007 | D:4      | Reached skill level 5 in Fighting
  5479 | D:4      | Found a runed translucent gate.
  5479 | D:4      | Found a runed translucent gate.
  5480 | D:4      | Found a runed translucent gate.
  5481 | D:4      | Found an opulent altar of Gozag.
  5482 | D:4      | Noticed an orc warrior
  5483 | D:4      | Noticed dengdeng's ghost (amateur DrBe)
  5958 | D:5      | Entered Level 5 of the Dungeon
  5968 | D:5      | Gained mutation: You curl defensively after being hit.
                  | [Palentonga growth]
  5968 | D:5      | Reached XP level 7. HP: 65/65 MP: 3/10
  6066 | D:5      | Found Iledusiu's General Store.
  6084 | D:5      | Reached skill level 1 in Axes
  6089 | D:5      | Bought a scroll of blinking for 97 gold pieces
  6089 | D:5      | Bought a scroll of identify for 26 gold pieces
  6127 | D:5      | Noticed Sigmund
  6247 | D:5      | Found a sand-covered staircase.
  6256 | Ossuary  | Entered an ossuary
  7709 | D:5      | Killed Sigmund
  7710 | D:5      | Reached XP level 8. HP: 62/74 MP: 11/11
  7821 | D:5      | Reached skill level 6 in Fighting
  8579 | D:5      | Found a bloodstained altar of Trog.
  8715 | D:5      | Became a worshipper of Trog the Wrathful
  8979 | D:5      | Found Iledusiu's General Store.
  9523 | D:6      | Found a staircase to the Ecumenical Temple.
  9947 | D:5      | Reached skill level 1 in Evocations
 10053 | D:5      | Found a bloodstained altar of Trog.
 10402 | D:6      | Reached skill level 5 in Axes
 10539 | D:6      | Found a faded altar of an unknown god.
 10539 | D:6      | Found an ornate altar of the Wu Jian Council.
 10541 | D:6      | Reached skill level 1 in Throwing
 10545 | D:6      | Found a burning altar of Makhleb.
 10547 | D:6      | Found a blossoming altar of Fedhas.
 10549 | D:6      | Found a broken altar of Ashenzari.
 11300 | D:7      | Found a flagged portal.
 11317 | D:7      | Reached * piety under Trog
 11354 | Bailey   | Entered a bailey
 11588 | Bailey   | Reached skill level 1 in Shields
 11588 | Bailey   | Reached XP level 9. HP: 78/83 MP: 12/12
 11835 | Bailey   | Noticed an orc warlord
 11857 | Bailey   | Killed an orc warlord
 11858 | Bailey   | Reached skill level 7 in Fighting
 11891 | Bailey   | Reached ** piety under Trog
 12389 | Bailey   | Noticed an orc knight
 12414 | Bailey   | Killed an orc knight
 12415 | Bailey   | Reached XP level 10. HP: 94/94 MP: 13/13
 13546 | D:7      | Reached skill level 8 in Fighting
 13601 | D:7      | Found a sacrificial altar of Ru.
 13804 | D:7      | Reached *** piety under Trog
 13853 | D:7      | Found a runed translucent gate.
 13854 | D:7      | Found a runed translucent gate.
 13855 | D:7      | Found a runed translucent gate.
 13874 | D:7      | Noticed raetorn's ghost (novice VSBe)
 13875 | D:7      | Noticed Zaque's ghost (novice MiFi)
 13875 | D:7      | Noticed Jerry's ghost (novice TrFi)
 13891 | D:7      | Found a bloodstained altar of Trog.
 13892 | D:7      | Found a sparkling altar of Nemelex Xobeh.
 14644 | D:8      | Found a blossoming altar of Fedhas.
 14670 | D:8      | Found Wonuvaun's Magic Scroll Boutique.
 14796 | D:8      | Noticed Pikel
 14806 | D:8      | Killed Pikel
 14895 | D:8      | Noticed Grum
 14903 | D:8      | Reached skill level 5 in Evocations
 14906 | D:8      | Killed Grum
 15454 | D:8      | Noticed Maurice
 15457 | D:8      | Noticed Maurice
 15457 | D:8      | Maurice changed into Maurice the blink frog
 15473 | D:8      | Killed Maurice the blink frog
 15603 | D:9      | Reached XP level 11. HP: 86/101 MP: 14/14
 15604 | D:9      | Reached XP level 12. HP: 94/110 MP: 15/15
 16422 | D:9      | Found a staircase to the Orcish Mines.
 16464 | D:9      | Reached **** piety under Trog
 16530 | D:9      | Reached skill level 9 in Fighting
 16761 | D:9      | Reached skill level 5 in Shields
 17192 | D:9      | Gained mutation: You are occasionally teleported next to
                  | monsters. [potion of mutation]
 17192 | D:9      | Gained mutation: Your spells are a little harder to cast,
                  | but a little more powerful. [potion of mutation]
 17192 | D:9      | Gained mutation: You have a pair of small horns on your
                  | head. [potion of mutation]
 17192 | D:9      | Gained mutation: You possess an exceptional clarity of
                  | mind. [potion of mutation]
 17193 | D:9      | Lost mutation: Your spells are a little harder to cast, but
                  | a little more powerful. [potion of mutation]
 17193 | D:9      | Lost mutation: You possess an exceptional clarity of mind.
                  | [potion of mutation]
 17193 | D:9      | Lost mutation: You are occasionally teleported next to
                  | monsters. [potion of mutation]
 17193 | D:9      | Gained mutation: Your tail ends in a poisonous barb.
                  | [potion of mutation]
 17193 | D:9      | Gained mutation: Your spells are a little harder to cast,
                  | but a little more powerful. [potion of mutation]
 17321 | D:10     | Entered Level 10 of the Dungeon
 17359 | D:10     | Reached XP level 13. HP: 112/118 MP: 16/16
 17559 | D:10     | Reached ***** piety under Trog
 17889 | D:10     | Found a basalt altar of Yredelemnul.
 17928 | D:10     | Found a staircase to the Lair.
 17963 | D:10     | Found Tibae's General Store.
 17968 | D:10     | Bought a scroll of acquirement for 676 gold pieces
 17968 | D:10     | Acquired the amulet of Cicatso {Faith rN+ Str+4}
 18386 | D:11     | Noticed Psyche
 18391 | D:11     | Cast into level 2 of the Abyss (Psyche)
 18419 | Abyss:2  | Noticed an eidolon
 18666 | Abyss:2  | Noticed a blizzard demon
 18722 | Abyss:2  | Noticed a lich
 18736 | Abyss:2  | Killed a lich
 18785 | Abyss:2  | Noticed a tentacled starspawn
 18795 | Abyss:2  | Killed a tentacled starspawn
 18796 | Abyss:2  | Reached skill level 10 in Fighting
 18796 | Abyss:2  | Reached skill level 5 in Armour
 18806 | Abyss:2  | Noticed a starcursed mass
 18810 | Abyss:2  | Paralysed by accursed screaming for 1 turns
 18816 | Abyss:2  | Found a corrupted altar of Lugonu.
 18859 | Abyss:2  | Found a corrupted altar of Lugonu.
 18897 | Abyss:2  | Noticed a bone dragon
 18930 | Abyss:2  | Killed a bone dragon
 18934 | D:11     | Escaped the Abyss
 19090 | D:11     | Killed Psyche
 19210 | D:11     | Noticed Josephine
 19222 | D:11     | Killed Josephine
 19678 | Lair:1   | Entered Level 1 of the Lair of Beasts
 20321 | Lair:1   | Noticed Gastronok
 20332 | Lair:1   | Killed Gastronok
 20910 | Lair:1   | Reached XP level 14. HP: 130/130 MP: 17/17
 21467 | Lair:2   | Reached skill level 11 in Fighting
 22246 | Lair:2   | Found a staircase to the Snake Pit.
 22524 | Lair:3   | Found a staircase to the Swamp.
 24528 | Lair:4   | Reached skill level 12 in Fighting
 25605 | Lair:5   | Found a frozen archway.
 25609 | IceCv    | Entered an ice cave
 26673 | IceCv    | Got a fading chain mail
 26684 | IceCv    | Identified the +12 chain mail of the Doldrums {+Blink +Inv
                  | rF- rC+++} (You found it in an ice cave)
 26694 | IceCv    | Got a steaming ring mail
 26705 | IceCv    | Identified the +5 ring mail of Tartarus {Str+6} (You found
                  | it in an ice cave)
 26782 | IceCv    | Reached skill level 10 in Shields
 27679 | Lair:6   | Entered Level 6 of the Lair of Beasts
 27699 | Lair:6   | Found a staircase to the Slime Pits.
 27699 | Lair:6   | Found a viscous altar of Jiyva.
 28270 | Lair:6   | Received a gift from Trog
 28275 | Lair:6   | Got an iridescent spear {god gift}
 28276 | Lair:6   | Identified the +4 spear "Volol" {vorpal, +Blink Int+3 Dex+6
                  | Stlth+} (Trog gifted it to you on level 6 of the Lair of
                  | Beasts)
 29408 | Lair:6   | Reached XP level 15. HP: 143/143 MP: 18/18
 29698 | Lair:6   | Got a pitted ring mail
 29699 | Lair:6   | Identified the +5 ring mail of the Volcano {rElec Will+
                  | Str+2} (You found it on level 6 of the Lair of Beasts)
 29884 | D:12     | Found Pantowki's Gadget Boutique.
 29995 | D:12     | Found Yqunlul's Antique Weapon Boutique.
 30011 | D:12     | Received a gift from Trog
 30153 | D:12     | Found Siev's General Store.
 30192 | D:12     | Reached skill level 15 in Axes
 30286 | D:12     | Found Qykitim's Antique Armour Shoppe.
 32462 | D:14     | Reached ****** piety under Trog
 32661 | D:14     | Found a gate to the Vaults.
 33147 | Orc:1    | Entered Level 1 of the Orcish Mines
 33171 | Orc:1    | Found Uted's Armour Shop.
 33188 | Orc:1    | Received a gift from Trog
 33277 | Orc:1    | Found Ykkoh's Book Shop.
 33359 | Orc:1    | Found Kejed's Antique Armour Emporium.
 33939 | Orc:2    | Entered Level 2 of the Orcish Mines
 33939 | Orc:2    | Found Neshruisk's General Store.
 34056 | Orc:2    | Found a staircase to the Elven Halls.
 34057 | Orc:2    | Bought a potion of curing for 45 gold pieces
 34120 | Orc:2    | Found Ycoag's General Store.
 34136 | Orc:2    | Bought a +2 kite shield of poison resistance for 240 gold
                  | pieces
 34200 | Orc:2    | Received a gift from Trog
 34206 | Orc:2    | Reached skill level 13 in Fighting
 34214 | Orc:2    | Found Liho's Magic Scroll Shoppe.
 34214 | Orc:2    | Found Osomiad's Antique Weapon Shop.
 34222 | Orc:2    | Found Ontok's Magic Scroll Emporium.
 34222 | Orc:2    | Found Leon's General Store.
 34448 | Orc:2    | Bought a scroll of fear for 38 gold pieces
 34448 | Orc:2    | Bought a scroll of fear for 38 gold pieces
 34448 | Orc:2    | Bought a scroll of fear for 38 gold pieces
 34449 | Orc:2    | Bought a potion of heal wounds for 65 gold pieces
 34449 | Orc:2    | Bought 2 potions of heal wounds for 130 gold pieces
 34450 | Orc:2    | Bought a scroll of enchant armour for 82 gold pieces
 34450 | Orc:2    | Bought a scroll of fog for 22 gold pieces
 34450 | Orc:2    | Bought a scroll of fog for 22 gold pieces
 34450 | Orc:2    | Bought a scroll of enchant weapon for 82 gold pieces
 34450 | Orc:2    | Bought a scroll of magic mapping for 38 gold pieces
 34520 | D:8      | Bought a scroll of fear for 38 gold pieces
 34520 | D:8      | Bought a scroll of enchant armour for 82 gold pieces
 34520 | D:8      | Bought a scroll of acquirement for 572 gold pieces
 34524 | D:8      | Acquired the ring "Xeuro" {rElec rPois EV+4}
 34530 | D:8      | Bought a scroll of enchant weapon for 82 gold pieces
 34530 | D:8      | Bought a scroll of fog for 22 gold pieces
 34530 | D:8      | Bought 2 scrolls of enchant armour for 165 gold pieces
 34530 | D:8      | Bought a scroll of magic mapping for 38 gold pieces
 34530 | D:8      | Bought a scroll of teleportation for 33 gold pieces
 34530 | D:8      | Bought a scroll of teleportation for 33 gold pieces
 34530 | D:8      | Bought a scroll of holy word for 82 gold pieces
 34611 | Orc:2    | Found Kamoecvo's Distillery.
 34619 | Orc:2    | Found Quwasuty's Book Shoppe.
 34706 | Orc:2    | Found Yssisic's Weapon Shop.
 34946 | Orc:2    | Found a runed translucent door.
 34946 | Orc:2    | Noticed EnegeticOcto's ghost (novice DDFi)
 35067 | Orc:2    | Killed EnegeticOcto's ghost
 35206 | Snake:1  | Entered Level 1 of the Snake Pit
 35272 | Snake:1  | Noticed Kirke
 35278 | Snake:1  | Reached XP level 16. HP: 153/153 MP: 19/19
 35294 | Snake:1  | Killed Kirke
 35740 | Snake:1  | Received a gift from Trog
 36523 | Snake:1  | Noticed Asterion
 36539 | Snake:1  | Killed Asterion
 37268 | Snake:2  | Received a gift from Trog
 38531 | Snake:2  | Found Nann's Jewellery Shop.
 39028 | Snake:3  | Received a gift from Trog
 39328 | Snake:3  | Identified Roxanne's Almanac of the Rocks
 39328 | Snake:3  | Noticed Roxanne
 39554 | Snake:3  | Found Getesusch's Assorted Antiques.
 39554 | Snake:3  | Found Ydiowuw's Book Boutique.
 39555 | Snake:3  | Found Seipor's General Store.
 39559 | Snake:3  | Bought a potion of invisibility for 112 gold pieces
 39559 | Snake:3  | Bought a scroll of teleportation for 42 gold pieces
 39559 | Snake:3  | Bought 2 potions of curing for 84 gold pieces
 39559 | Snake:3  | Found Rettuar's Weapon Boutique.
 39562 | Snake:3  | Bought a scroll labelled LERAUC YGELEE for 33 gold pieces
 41025 | Snake:3  | Received a gift from Trog
 41239 | Snake:3  | Reached XP level 17. HP: 138/161 MP: 20/20
 41557 | Snake:4  | Entered Level 4 of the Snake Pit
 41575 | Snake:4  | Reached skill level 10 in Evocations
 41624 | Snake:4  | Noticed Donald
 41628 | Snake:4  | Noticed Nikola
 41635 | Snake:4  | Killed Donald
 41646 | Snake:4  | Killed Nikola
 41885 | Snake:4  | Reached skill level 14 in Fighting
 41971 | Snake:4  | Noticed Aizul
 43297 | Snake:4  | Killed Aizul
 43297 | Snake:4  | Received a gift from Trog
 45786 | Snake:4  | Received a gift from Trog
 46501 | Snake:4  | Reached skill level 10 in Armour
 47032 | Snake:4  | Reached XP level 18. HP: 87/172 MP: 21/21
 47129 | Snake:4  | Received a gift from Trog
 47429 | Snake:4  | Got a serpentine rune of Zot
 47591 | Swamp:1  | Entered Level 1 of the Swamp
 48857 | Swamp:2  | Reached skill level 15 in Fighting
 49468 | Swamp:2  | Found a runed translucent gate.
 49469 | Swamp:2  | Found a runed translucent gate.
 49470 | Swamp:2  | Found a runed translucent gate.
 49472 | Swamp:2  | Noticed Amet's ghost (journeyman MiBe)
 49482 | Swamp:2  | Found the +8 longbow "Zephyr" {speed, Dex+3 SInv}
 49499 | Swamp:2  | Killed Amet's ghost
 49760 | Swamp:2  | Got a slimy cloak
 49771 | Swamp:2  | Identified the +0 cloak of Vusiog {rElec} (You found it on
                  | level 2 of the Swamp)
 51437 | Swamp:4  | Entered Level 4 of the Swamp
 51452 | Swamp:4  | Noticed Mara
 51456 | Swamp:4  | Noticed GordonOverkill's illusion
 51474 | Swamp:4  | Killed Mara
 52094 | Swamp:4  | Received a gift from Trog
 52725 | Swamp:4  | Reached XP level 19. HP: 167/181 MP: 22/22
 53357 | Swamp:4  | Got a decaying rune of Zot
 53622 | Vaults:1 | Entered Level 1 of the Vaults
 54610 | Vaults:1 | Received a gift from Trog
 54978 | Vaults:1 | Found Ylukelly's General Store.
 55385 | Vaults:1 | Reached skill level 15 in Shields
 55566 | Vaults:1 | Reached skill level 5 in Dodging
 56006 | Vaults:1 | Found Agicree's Distillery.
 56021 | Vaults:1 | Bought a potion of heal wounds for 55 gold pieces
 56021 | Vaults:1 | Bought a potion of resistance for 110 gold pieces
 56108 | Vaults:1 | Received a gift from Trog
 56765 | Vaults:1 | Found Namev's Assorted Antiques.
 57321 | Vaults:1 | Found Woaneqod's Weapon Shoppe.
 57584 | Vaults:2 | Reached XP level 20. HP: 192/192 MP: 23/23
 57765 | Vaults:2 | Received a gift from Trog
 57821 | Vaults:2 | Found a portal to a secret trove of treasure.
 57905 | Vaults:2 | You paid a toll of 15 scrolls of teleportation to enter a
                  | treasure trove
 57906 | Trove    | Entered a treasure trove
 57912 | Trove    | Found the +8 trident of the Octopus King {venom, rElec
                  | rPois Will+}
 57929 | Trove    | Got a pair of distressingly furry gloves
 57940 | Trove    | Identified the +1 pair of gloves of Avant Garde Liberty
                  | {rC- rN+++ rCorr Dex-5} (You found it in a treasure trove)
 57947 | Trove    | Got a smoking lead amulet
 57948 | Trove    | Identified the amulet "Xumann" {Faith Str-2 Int+4 Dex+2
                  | SInv} (You found it in a treasure trove)
 57951 | Trove    | Got a vibrating turquoise ring
 57952 | Trove    | Identified the ring "Xuig" {*Slow rF+++ Will- Int+2 Stlth+}
                  | (You found it in a treasure trove)
 59035 | Vaults:2 | Reached skill level 16 in Fighting
 59609 | Vaults:3 | Received a gift from Trog
 59842 | Vaults:3 | Found Xourhaz's Magic Scroll Boutique.
 59850 | Vaults:3 | Bought a scroll of acquirement for 676 gold pieces
 59850 | Vaults:3 | Acquired a +0 barding of flying
 60471 | Vaults:3 | Received a gift from Trog
 60614 | Vaults:3 | Found a staircase to the Crypt.
 61242 | Vaults:3 | Received a gift from Trog
 62163 | Vaults:4 | Reached skill level 17 in Fighting
 62202 | Vaults:4 | Reached XP level 21. HP: 173/204 MP: 24/24
 62448 | Vaults:4 | Received a gift from Trog
 62451 | Vaults:4 | Noticed Margery
 62463 | Vaults:4 | Killed Margery
 63918 | Vaults:4 | Paralysed by a great orb of eyes for 6 turns
 63927 | Vaults:4 | Received a gift from Trog
 64087 | Vaults:4 | Reached skill level 10 in Dodging
 64344 | Vaults:5 | Entered Level 5 of the Vaults
 64559 | Vaults:5 | Got a silver rune of Zot
 64592 | Vaults:5 | Noticed Mennas
 64604 | Vaults:5 | Reached skill level 18 in Fighting
 64623 | Vaults:5 | Killed Mennas
 64979 | Vaults:5 | Received a gift from Trog
 65332 | Vaults:5 | Reached XP level 22. HP: 178/218 MP: 25/25
 65818 | Vaults:5 | Identified the cursed ring of Dyentaf {rPois rC+ Dex-4}
 65867 | Vaults:5 | Reached skill level 19 in Fighting
 65955 | Vaults:5 | Noticed a golden dragon
 65984 | Vaults:5 | Killed a golden dragon
 66338 | Vaults:5 | Received a gift from Trog
 66353 | Vaults:5 | Reached skill level 15 in Armour
 66518 | Vaults:5 | Identified the +8 whip "Dere Wua" {chaos, *Noise Int+6
                  | Stlth+}
 67264 | D:15     | Entered Level 15 of the Dungeon
 67597 | D:15     | Found Fyonelyc's Gadget Shop.
 67709 | D:15     | Found a radiant altar of Vehumet.
 67840 | D:15     | Reached skill level 20 in Fighting
 67944 | D:15     | Lost mutation: Your spells are a little harder to cast, but
                  | a little more powerful. [a shining eye]
 67949 | D:15     | Found a staircase to the Depths.
 68374 | Depths:1 | Entered Level 1 of the Depths
 68383 | Depths:1 | Received a gift from Trog
 68888 | Depths:2 | Found a one-way gate to the infinite horrors of the Abyss.
 68984 | Depths:2 | Found Oteesem's Jewellery Emporium.
 69002 | Depths:2 | Bought the amulet of the Four Winds {rN+ Will+++ Clar} for
                  | 834 gold pieces
 69002 | Depths:2 | Found the amulet of the Four Winds {rN+ Will+++ Clar}
 69252 | Depths:5 | Entered Level 5 of the Depths
 69266 | Depths:5 | Reached XP level 23. HP: 231/231 MP: 26/26
 69266 | Depths:5 | Received a gift from Trog
 69292 | Depths:5 | Noticed a caustic shrike
 69293 | Depths:5 | Noticed a caustic shrike
 69293 | Depths:5 | Noticed a caustic shrike
 69304 | Depths:4 | Killed a caustic shrike
 69306 | Depths:4 | Killed a caustic shrike
 69558 | Depths:5 | Noticed a caustic shrike
 69563 | Depths:5 | Killed a caustic shrike
 69568 | Depths:5 | Killed a caustic shrike
 70000 | Depths:5 | Found a gate to the Realm of Zot.
 70429 | Zot:1    | Entered Level 1 of the Realm of Zot
 71569 | Zot:5    | Entered Level 5 of the Realm of Zot
 72870 | Zot:5    | Noticed an ancient lich
 72879 | Zot:5    | Killed an ancient lich
 72879 | Zot:5    | Noticed an orb of fire
 72880 | Zot:5    | Reached XP level 24. HP: 223/241 MP: 8/26
 72901 | Zot:5    | Killed an orb of fire
 72901 | Zot:5    | Noticed an orb of fire
 72902 | Zot:5    | Reached skill level 21 in Fighting
 72903 | Zot:5    | Gained mutation: You have an increased reservoir of magic.
                  | (+10% MP) [an orb of fire]
 72924 | Zot:5    | Killed an orb of fire
 72924 | Zot:5    | Noticed an orb of fire
 72930 | Zot:5    | Gained mutation: Your body sometimes deteriorates upon
                  | taking damage. [an orb of fire]
 72947 | Zot:5    | Killed an orb of fire
 72956 | Zot:5    | Noticed a Killer Klown
 72956 | Zot:5    | Noticed a Killer Klown
 72956 | Zot:5    | Noticed a Killer Klown
 72956 | Zot:5    | Noticed a Killer Klown
 72956 | Zot:5    | Noticed a Killer Klown
 72956 | Zot:5    | Noticed a Killer Klown
 72957 | Zot:5    | Noticed an ancient lich
 72972 | Zot:5    | Killed an ancient lich
 73000 | Zot:5    | Killed a Killer Klown
 73013 | Zot:5    | Killed a Killer Klown
 73033 | Zot:5    | Killed a Killer Klown
 73063 | Zot:5    | Noticed a Killer Klown
 73768 | Zot:5    | Noticed a Killer Klown
 73993 | Zot:4    | Killed a Killer Klown
 74051 | Zot:5    | Noticed a Killer Klown
 74109 | Zot:5    | Killed a Killer Klown
 74135 | Zot:5    | Killed a Killer Klown
 74152 | Zot:5    | Killed a Killer Klown
 74178 | Zot:5    | Killed a Killer Klown
 74574 | Zot:5    | Noticed an ancient lich
 74596 | Zot:5    | Killed an ancient lich
 74961 | Zot:5    | Killed a Killer Klown
 75598 | Zot:5    | Reached XP level 25. HP: 253/253 MP: 28/28
 76232 | Zot:5    | Got the Orb of Zot
 76324 | Zot:4    | Noticed Kusenui the pandemonium lord
 76532 | Depths:1 | Found a glowing golden altar of the Shining One.
 76580 | D:15     | Noticed Wyskuy the pandemonium lord
 76833 | D:3      | Noticed Tided the pandemonium lord
 76867 | D:1      | Noticed Muosol the pandemonium lord
 76904 | D:$      | Escaped with the Orb!

Illustrated notes

Levels and vault maps discovered:
D:1:      minmay_arrival_arboretum_small, layout_loops_ring
D:2:      layout_rooms, uniq_robin, uniq_natasha
D:3:      layout_basic
D:4:      layout_loops_ring, lemuel_crystal_altar, ebering_ghost_gozag,
          minmay_misc_feat_ornament
D:5:      layout_basic, nicolae_ossuary_entry_monument, serial_shops,
          shop_statue, kennysheep_doodads, minivault_14, trog_book, uniq_sigmund
D:6:      layout_basic, chequers_temple_overflow_minitemple,
          minmay_temple_entry_crystal_x
D:7:      layout_cave_pools, nicolae_ru_awakened_eye,
          gammafunk_temple_overflow_pools, gammafunk_ghost_cemetery,
          enter_bailey_3, chequers_serial_rivers_small_3, grunt_ogre_cave
D:8:      layout_basic, serial_shops, shop, fedhas_bush_and_centaur_altar,
          uniq_pikel, uniq_grum, uniq_maurice
D:9:      layout_cross, zombieorc1_lemuel
D:10:     layout_cave_pools, david_lair_generic, basic_altar, serial_shops,
          nicolae_shop_competitors_out_of_business, minmay_misc_feat_enclosed
D:11:     layout_rooms, gauntlet_entry_generic, uniq_psyche, uniq_josephine
D:12:     layout_basic, serial_shops, shop, kennysheep_mini, shop,
          nicolae_shop_waterfront
D:13:     minmay_goldmine, layout_loops_corners, kennysheep_another_room
D:14:     layout_gridville, david_vaults_5, serial_park_gazebo
          [serial_park_minivault_5x5_7]
D:15:     gammafunk_enter_depths_forms, layout_long_grid, serial_shops,
          nicolae_shop_trees, roderic_lattice_a, basic_altar
Lair:1:   layout_misc_corridors, st_stairs_6, uniq_gastronok
Lair:2:   layout_chaotic_city, guppyfry_snake_entry_island, beast_lair_carwin_9
Lair:3:   layout_cave_pods, swamp_mist, chequers_serial_rivers_room_a
Lair:4:   layout_regular_city, serial_bayou_lagoon_b
Lair:5:   layout_regular_city, portal_ice_cave_entry_pillars_2,
          beast_lair_carwin_2
Lair:6:   evilmike_catoblepas_cave, layout_cave_pods, slime_altar_1,
          lemuel_fruit_tree, infiniplex_staircase_pool
Swamp:1:  layout_basic_swamp, nicolae_swamp_round_clearing
Swamp:2:  layout_basic_swamp, gammafunk_ghost_hydra_chop, hangedman_swamp_lotus
Swamp:3:  layout_basic_swamp, hangedman_swamp_blocks
Swamp:4:  swamp_alternative, layout_basic_swamp, infiniplex_staircase_pool_2,
          uniq_mara
Snake:1:  layout_chambers, uniq_kirke, uniq_asterion
Snake:2:  layout_rooms, minmay_shop_star, grunt_megastairs_5
Snake:3:  layout_cave_pods, serial_bayou_shore_b, minmay_shoptagon, uniq_roxanne
Snake:4:  grunt_snake_rune_spirals, layout_onion, uniq_donald, uniq_nikola,
          uniq_aizul
Orc:1:    layout_diamond_mine, serial_shops, shop, nicolae_shop_trees,
          shop_fountains
Orc:2:    st_orc_ogre_mass, layout_caves, serial_shops, shop_statue, shop, shop,
          nicolae_shop_competitors_out_of_business, shop_fountains,
          ebering_ghost_inner_flame, special_room, nicolae_orc_damp_corner
Vaults:1: nicolae_vaults_octagons, hangedman_vaults_trim,
          nicolae_vaults_network_periphery, vaults_mumra_chevron,
          nicolae_vaults_stairing_the_circle, v_misc_26,
          hangedman_vaults_capsules, dpeg_vaults_monster_box,
          ontoclasm_vaults_pinch, nicolae_vaults_little_squares_5,
          layout_vaults_ring, serial_shops, shop, nicolae_shop_waterfront, shop,
          shop
Vaults:2: nicolae_vaults_murderbox, nicolae_vaults_mini_display_case,
          ontoclasm_vaults_ring_small, vaults_dpeg_hooks,
          nicolae_vaults_angled_halls, v_misc_26,
          ontoclasm_vaults_loading_screen, vaults_room_corners,
          layout_vaults_omnigrid, nicolae_trove_entry_columns
Vaults:3: v_rooms_5, hangedman_vaults_snaps, v_rooms_3,
          vaults_room_grunt_arrival_ludios, hangedman_vaults_stagger,
          minmay_crypt_entry_simple_round, v_alt_pattern_5,
          nicolae_vaults_theta, nicolae_vaults_angled_halls,
          grunt_vaults_hallway_short, v_alt_pattern_1, grunt_vaults_focal,
          nicolae_vaults_little_ls, layout_vaults_big_room, serial_shops, shop
Vaults:4: nicolae_vaults_rhombus_6, ontoclasm_vaults_ring_large, v_misc_29,
          st_octagons_1, nicolae_vaults_angled_halls, v_misc_1,
          ontoclasm_vaults_claustrophobia, hangedman_vaults_restitches,
          vaults_mumra_minichess, v_pattern_2, hangedman_vaults_nails,
          vaults_mumra_lcd, nicolae_vaults_theta, layout_vaults_big_cross,
          uniq_margery
Vaults:5: uniq_mennas
Depths:1: minmay_the_grid_octo_tiled_octocenter [minmay_the_grid_octo_horde,
          minmay_the_grid_octo_toaster, minmay_the_grid_octo_teeth,
          minmay_the_grid_octo_shrine, minmay_the_grid_octo_prize_big_c,
          minmay_the_grid_square_5x5_minimal, minmay_the_grid_square_5x5_meh,
          minmay_the_grid_square_5x5_minibox,
          minmay_the_grid_square_5x5_misaligned], layout_gridlike,
          chequers_serial_rivers_micro_c, hell_entry, st_stairs_10,
          nzn_life_drinkers
Depths:2: evilmike_wizard_prison, layout_basic, enter_ziggurat_a,
          rand_demon_pan_entry_3, serial_shops, shop, hell_entry,
          hangedman_abyss_entry_splay, minmay_staircase_bubble
Depths:3: minmay_crescents, layout_gridlike, hangedman_geh_valley, pan_entry,
          serial_corexii_hall, corexii_hall_statues_t, corexii_hall_statues_u,
          uniq_xtahua
Depths:4: spriggan_forest, abyss_entry, hell_entry
Depths:5: grunt_crosshair, layout_twisted_cross, hell_entry,
          rand_demon_pan_entry_5, uniq_jory
Zot:1:    layout_misc_corridors
Zot:2:    layout_onion_interference, grunt_megastairs_4
Zot:3:    layout_gridlike
Zot:4:    layout_gridlike, lemuel_lich_library, grunt_megastairs_3
Zot:5:    layout_misc_corridors

Skill      XL: |  1  2  3  4  5  6  7  8  9 10 11 12 13 14 15 16 17 18 19 20 21 22 23 24 25 |
---------------+----------------------------------------------------------------------------+-----
Fighting       | 1 2 3 4 5 6 7 8 9 10 12 13 14 15 17 18 20 21 | 21.8
Polearms       | 1 2 |  2.9
Armour         | 1 2 3 4 6 7 9 10 12 14 15 16 17 | 17.0
Axes           | 3 5 8 12 14 15 17 18 19 | 19.9
Evocations     | 2 4 5 7 8 9 10 12 13 | 13.7
Throwing       | 1 2 |  2.0
Shields        | 1 3 4 5 7 10 11 12 13 15 | 15.0
Dodging        | 4 6 9 10 11 13 | 13.0
Stealth        | |  1.2
Spellcasting   | |  2.0
Transmutations | |  1.0
Earth Magic    | |  2.6

Action                   |  1- 3 |  4- 6 |  7- 9 | 10-12 | 13-15 | 16-18 | 19-21 | 22-24 | 25-27 || total
-------------------------+-------+-------+-------+-------+-------+-------+-------+-------+-------++-------
Melee: Spear             |    12 |   220 |   475 |       |       |       |       |       |       ||   707
       Tailslap          |     1 |    18 |    93 |    41 |   206 |   171 |   213 |   205 |     9 ||   957
       Halberd           |       |       |   194 |   190 |       |       |       |       |       ||   384
       Whip              |       |       |    46 |       |    15 |       |       |       |       ||    61
       War axe           |       |       |       |   215 |   980 |       |       |       |       ||  1195
       Headbutt          |       |       |       |     2 |   262 |   237 |   294 |   248 |    13 ||  1056
       Broad axe         |       |       |       |       |   329 |  1205 |  1275 |  1373 |    60 ||  4242
       Unarmed           |       |       |       |       |       |       |       |     1 |       ||     1
Throw: Stone             |       |     6 |       |       |       |       |       |       |       ||     6
       Boomerang         |       |     3 |    21 |     1 |     7 |       |       |     2 |       ||    34
       Throwing net      |       |       |       |       |     3 |       |       |     1 |       ||     4
 Cast: Sandblast         |    54 |    49 |    14 |       |       |       |       |       |       ||   117
Invok: Berserk           |       |       |     5 |    15 |    54 |    32 |    39 |    17 |       ||   162
       Trog's Hand       |       |       |       |     2 |    15 |     6 |     7 |    20 |       ||    50
       Brothers in Arms  |       |       |       |       |     3 |     3 |     1 |     2 |     1 ||    10
 Abil: Rolling Charge    |       |       |     2 |       |       |       |       |       |       ||     2
Evoke: Wand              |       |       |       |     2 |    16 |     1 |     1 |    15 |     5 ||    40
       Tin of tremorston |       |       |       |       |       |       |     2 |     2 |       ||     4
       Condenser vane    |       |       |       |       |       |       |     2 |     2 |       ||     4
       Phial of floods   |       |       |       |       |       |       |     1 |     1 |       ||     2
  Use: Scroll            |       |     8 |     5 |    10 |    23 |    11 |    11 |    23 |     6 ||    97
       Potion            |       |     3 |     3 |     5 |     8 |       |     8 |     8 |     1 ||    36
 Stab: Sleeping          |       |       |     3 |     2 |     6 |       |       |       |       ||    11
       Paralysed         |       |       |       |       |     5 |       |       |       |       ||     5
       Distracted        |       |       |       |       |       |       |     1 |       |       ||     1
       Held in net/web   |       |       |       |       |       |       |       |     2 |       ||     2
Armor: Robe              |    17 |    21 |   143 |   130 |   206 |       |       |       |       ||   517
       Ring mail         |       |    60 |    48 |       |   165 |   444 |    57 |       |       ||   774
       Steam dragon scal |       |       |       |       |    12 |       |       |       |       ||    12
       Chain mail        |       |       |       |       |       |       |   354 |    68 |       ||   422
       Gold dragon scale |       |       |       |       |       |       |       |   629 |    72 ||   701
Dodge: Dodged            |    20 |    70 |   204 |   108 |   351 |   476 |   315 |   188 |    22 ||  1754
Block: Other             |       |    34 |   109 |    32 |       |       |       |       |       ||   175
       Reflection        |       |     1 |     2 |     2 |     1 |       |       |       |       ||     6
       Kite shield       |       |       |    25 |   150 |   552 |   809 |   731 |   648 |    69 ||  2984
